 Dungeon Crawl Stone Soup version 0.29-a0-96-g93358da72b (webtiles) character file.

Game seed: 14996337125503694206

90 ZeroWinrate the Skirmisher (level 4, 0/41 HPs)
             Began as a Gnoll Wanderer on Feb 12, 2022.
             Succumbed to an adder's poison
             ... on level 2 of the Dungeon.
             The game lasted 00:02:35 (1599 turns).

ZeroWinrate the Skirmisher (Gnoll Wanderer)         Turns: 1599, Time: 00:02:35

Health: 0/41       AC:  3    Str: 11    XL:     4   Next: 56%
Magic:  5/5        EV: 12    Int:  9    God:
Gold:   48         SH:  5    Dex: 16    Spells: 5/5 levels left

rFire   . . .      SeeInvis .   d - +0 spear
rCold   . . .      Faith    .   e - +0 buckler
rNeg    . . .      Spirit   .   f - +0 leather armour
rPois   .          Reflect  .   (no helmet)
rElec   .          Harm     .   (no cloak)
rCorr   .          Rampage  .   (no gloves)
Will    .....                   (no boots)
Stlth   +++.......              (no amulet)
HPRegen 0.13/turn               (no ring)
MPRegen 0.09/turn               (no ring)

@: lethally poisoned (0 -> -1)
A: fangs 1, strong nose, distributed training
a: no special abilities


You were on level 2 of the Dungeon.
You visited 1 branch of the dungeon, and saw 2 of its levels.

You collected 48 gold pieces.

Inventory:

Hand Weapons
 a - a +0 dagger
 d - a +0 spear (weapon)
Missiles
 c - a datura-tipped dart (quivered)
Armour
 e - a +0 buckler (worn)
 f - a +0 leather armour (worn)
Jewellery
 h - an amulet of faith
Wands
 i - a wand of acid (9)
 j - a wand of flame (20)
Scrolls
 g - 2 scrolls of identify


   Skills:
 + Level 6.6 Fighting
 + Level 1.2 Short Blades
 + Level 1.2 Long Blades
 + Level 1.2 Axes
 + Level 1.2 Maces & Flails
 + Level 2.8 Polearms
 + Level 1.2 Staves
 + Level 1.2 Slings
 + Level 1.2 Bows
 + Level 1.2 Crossbows
 + Level 1.2 Throwing
 + Level 4.6 Armour
 + Level 2.8 Dodging
 + Level 4.3 Stealth
 + Level 2.8 Shields
 + Level 1.2 Unarmed Combat
 + Level 1.2 Spellcasting
 + Level 1.0 Conjurations
 + Level 1.0 Hexes
 + Level 1.0 Summonings
 + Level 1.0 Necromancy
 + Level 1.0 Translocations
 + Level 1.0 Transmutations
 + Level 1.0 Fire Magic
 + Level 1.0 Ice Magic
 + Level 1.0 Air Magic
 + Level 1.0 Earth Magic
 + Level 1.0 Poison Magic
 + Level 1.3 Invocations
 + Level 1.2 Evocations


You had 5 spell levels left.
You didn't know any spells.
Your spell library was empty.

Dungeon Overview and Level Annotations

Branches:
Dungeon (2/15)

Altars:


Innate Abilities, Weirdness & Mutations

You have very sharp teeth.
Your uncanny sense of smell can sniff out nearby items.
Your experience applies equally to all skills.


Message History

You feel sick. The adder barely misses you.
You are too injured to fight recklessly!
You hit the adder but do no damage. You bite the adder, but do no damage.
The adder is almost dead.
You feel sick. The adder bites you.
* * * LOW HITPOINT WARNING * * *
You are too injured to fight recklessly!
You aren't carrying any potions.
* * * LOW HITPOINT WARNING * * *
You feel sick. The adder barely misses you.
Okay, then.
Aiming: Corrosive Bolt
Press: ? - help, Shift-Dir - straight line, f/p - adder
Aim: an adder (almost dead, 53% to hit)
The bolt of acid hits the adder!
The acid corrodes the adder!
You kill the adder!
* * * LOW HITPOINT WARNING * * *
You feel sick.
Your Conjurations skill increases to level 1!
Your Hexes skill increases to level 1!
Your Summonings skill increases to level 1!
Your Necromancy skill increases to level 1!
Your Translocations skill increases to level 1!
Your Transmutations skill increases to level 1!
Your Fire Magic skill increases to level 1!
Your Ice Magic skill increases to level 1!
Your Air Magic skill increases to level 1!
Your Earth Magic skill increases to level 1!
Your Poison Magic skill increases to level 1!
* * * LOW HITPOINT WARNING * * *
You feel sick.
You aren't carrying any potions.
You aren't carrying any potions.
Unknown command.
You are a level 4 Gnoll Wanderer.
You are 56% of the way to level 5.
Play time: 00:02:30 (1599 turns).
Zot will find you in 10398 turns if you stay in this branch and explore no new floors.
Unknown command.
Okay, then.
You die...

## .....(. #.#....# #.# .# ......
#.#.##.# #.# .# #...# #.#.##.#
#.# .# #...# #.#.##.# #.# .# #..#
#.#..#.# #.## .# ##.## #.#..#.#
#... .###### ###..##
#.#..#.###### ......#######.....#
#.#..#.#..... #####.#.....#.##@.#
#.#..#.#....# # #....###.#.#...#
#.#..#.#....#
####....###.#.#...###.#..#.#.####
..........#.#............#.#.####
..........#.....#..##.#..#.#.....
..........#.###.#..##.#..#.######
..........#.# #.#..##.#..#.......
..........### #.#...#.#..########
####........ #.#.#.#.#..#


There were no monsters in sight!

Vanquished Creatures
  Natasha (D:2)
  3 adders (D:2)
  2 dart slugs (D:1)
  5 endoplasms
  3 giant cockroaches
  3 goblins
  3 hobgoblins
  A quokka (D:2)
  5 ball pythons
  A bat (D:2)
  A frilled lizard (D:1)
  4 kobolds (D:1)
  3 rats
35 creatures vanquished.

Notes
Turn   | Place    | Note
-------+----------+-------------------------------------------
     0 | D:1      | ZeroWinrate the Gnoll Wanderer began the quest for the Orb.
     0 | D:1      | ZeroWinrate set off with the following items: a +0 dagger,
                  | 2 atropa-tipped darts, a datura-tipped dart, a +0 spear, a
                  | +0 buckler, a +0 leather armour
     0 | D:1      | Reached XP level 1. HP: 23/23 MP: 1/1
   102 | D:1      | Reached XP level 2. HP: 29/29 MP: 2/2
   448 | D:1      | Found a faded altar of an unknown god.
   517 | D:1      | Reached XP level 3. HP: 32/35 MP: 3/3
  1014 | D:2      | Reached skill level 1 in Invocations
  1023 | D:2      | Noticed Natasha
  1066 | D:2      | Killed Natasha
  1067 | D:2      | Reached skill level 1 in Short Blades
  1067 | D:2      | Reached skill level 1 in Long Blades
  1067 | D:2      | Reached skill level 1 in Axes
  1067 | D:2      | Reached skill level 1 in Maces & Flails
  1067 | D:2      | Reached skill level 1 in Staves
  1067 | D:2      | Reached skill level 1 in Slings
  1067 | D:2      | Reached skill level 1 in Bows
  1067 | D:2      | Reached skill level 1 in Crossbows
  1067 | D:2      | Reached skill level 1 in Throwing
  1067 | D:2      | Reached skill level 1 in Unarmed Combat
  1067 | D:2      | Reached skill level 1 in Spellcasting
  1067 | D:2      | Reached skill level 1 in Evocations
  1067 | D:2      | Reached XP level 4. HP: 16/41 MP: 5/5
  1597 | D:2      | HP: 2/41 [poisoned by an adder]
  1598 | D:2      | Reached skill level 1 in Conjurations
  1598 | D:2      | Reached skill level 1 in Hexes
  1598 | D:2      | Reached skill level 1 in Summonings
  1598 | D:2      | Reached skill level 1 in Necromancy
  1598 | D:2      | Reached skill level 1 in Translocations
  1598 | D:2      | Reached skill level 1 in Transmutations
  1598 | D:2      | Reached skill level 1 in Fire Magic
  1598 | D:2      | Reached skill level 1 in Ice Magic
  1598 | D:2      | Reached skill level 1 in Air Magic
  1598 | D:2      | Reached skill level 1 in Earth Magic
  1598 | D:2      | Reached skill level 1 in Poison Magic
  1599 | D:2      | Succumbed to an adder's poison

Illustrated notes

Levels and vault maps discovered:
D:1:      dpeg_arrival_more_subterranean_lakeside_camping, layout_rooms,
          shapermc_ecumenical_altar_flowoftime
D:2:      layout_basic, kennysheep_generic_room_8, uniq_natasha

Skill      XL: |  1  2  3  4 |
---------------+-------------+-----
Invocations    | 1 |  1.3
Short Blades   | 1 |  1.2
Long Blades    | 1 |  1.2
Axes           | 1 |  1.2
Maces & Flails | 1 |  1.2
Staves         | 1 |  1.2
Slings         | 1 |  1.2
Bows           | 1 |  1.2
Crossbows      | 1 |  1.2
Throwing       | 1 |  1.2
Unarmed Combat | 1 |  1.2
Spellcasting   | 1 |  1.2
Evocations     | 1 |  1.2
Conjurations   | 1 |  1.0
Hexes          | 1 |  1.0
Summonings     | 1 |  1.0
Necromancy     | 1 |  1.0
Translocations | 1 |  1.0
Transmutations | 1 |  1.0
Fire Magic     | 1 |  1.0
Ice Magic      | 1 |  1.0
Air Magic      | 1 |  1.0
Earth Magic    | 1 |  1.0
Poison Magic   | 1 |  1.0
Fighting       | |  6.6
Polearms       | |  2.8
Armour         | |  4.6
Dodging        | |  2.8
Stealth        | |  4.3
Shields        | |  2.8

Action                   |  1- 3 |  4- 6 || total
-------------------------+-------+-------++-------
Melee: Spear             |   117 |    32 ||   149
       Bite              |     9 |     3 ||    12
Throw: Dart              |     1 |     2 ||     3
Evoke: Wand              |     2 |     1 ||     3
  Use: Scroll            |     1 |       ||     1
 Stab: Sleeping          |     9 |       ||     9
Armor: Leather armour    |    29 |     7 ||    36
Dodge: Dodged            |    73 |    13 ||    86
Block: Buckler           |    35 |     6 ||    41

Table legend: (Time is in decaauts)
 A = Elapsed time spent in this place.
 B = Non-inter-level travel time spent in this place.
 C = Inter-level travel time spent in this place.
 D = Time resting spent in this place.
 E = Time spent auto-exploring this place.
 F = Levels seen in this place.
 G = Mean time per level.
                   A        B        C        D        E       F      G
               +--------+--------+--------+--------+--------+-----+--------+
         Total |   1601 |   1575 |     26 |    373 |    909 |   2 |  800.5 |
       Dungeon |   1601 |   1575 |     26 |    373 |    909 |   2 |  800.5 |
               +--------+--------+--------+--------+--------+-----+--------+

Top non-repeatable levels by time:
     D:2: 881 daAuts
     D:1: 720 daAuts
